 Dungeon Crawl Stone Soup version 0.21.1-1-g345015f (webtiles) character file.

100 inc the Ducker (level 4, 19/19 HPs)
             Began as a Felid Transmuter on Mar 13, 2018.
             Quit the game on level 3 of the Dungeon.
             The game lasted 00:04:07 (3346 turns).

inc the Ducker (Felid Transmuter)                   Turns: 3346, Time: 00:04:08

Health: 19/19      AC:  1    Str:  6    XL:     4   Next: 46%
Magic:  8/8        EV: 22    Int: 14    God:
Gold:   133        SH:  5    Dex: 18    Spells: 1/7 levels left
                                        Lives:  0   Deaths: 1

rFire    + . .     SeeInvis +     - Unarmed
rCold    + . .     Gourm    .   (shield unavailable)
rNeg     . . .     Faith    .   (armour unavailable)
rPois    +         Spirit   .   (helmet unavailable)
rElec    +         Reflect  +   (cloak unavailable)
rCorr    +         Harm     .   (gloves unavailable)
MR       .....                  (boots unavailable)
Stlth    ++........             j - +5 amulet of reflection
HPRegen  0.06/turn              (no ring)
MPRegen  0.11/turn              (no ring)

@: resistant, quick
A: very small, no armour, no weapons or thrown items, stealth, claws 1, fangs 3,
see invisible, carnivore, speed 1, shaggy fur 1, slow metabolism 1, sharp paws
a: no special abilities


You were on level 3 of the Dungeon.
You were not hungry.

You visited 1 branch of the dungeon, and saw 3 of its levels.

You collected 133 gold pieces.

Inventory:

Missiles
 a - 40 arrows
Jewellery
 j - a +5 amulet of reflection (around neck)
 k - an uncursed amulet of magic regeneration
Wands
 l - a wand of acid (6)
Scrolls
 e - a scroll of blinking
 f - 4 scrolls of teleportation
 g - a scroll of amnesia {unknown}
 m - 2 scrolls of enchant armour {unknown}
Potions
 o - a potion of might
Books
 b - a book of Changes

   Spells                             Type                      Level
   a - Beastly Appendage              Transmutation                1
   b - Sticks to Snakes               Transmutation                2
   c - Spider Form                    Transmutation/Poison         3
   d - Ice Form                       Ice/Transmutation            4
   e - Blade Hands                    Transmutation                5
Comestibles
 c - 4 rations


   Skills:
 + Level 1.4 Fighting
 - Level 5.9 Dodging
 - Level 3.0 Unarmed Combat
 - Level 2.0 Spellcasting
 - Level 4.3 Transmutations


You had one spell level left.
You knew the following spells:

 Your Spells              Type           Power        Failure   Level  Hunger
a - Beastly Appendage     Tmut           ##....       4%          1    ##.....
b - Sticks to Snakes      Tmut           ##......     6%          2    ###....
c - Spider Form           Tmut/Pois      #.........   28%         3    ####...


Dungeon Overview and Level Annotations

Branches:
Dungeon (3/15)

Altars:
Makhleb
Uskayaw
Yredelemnul


Innate Abilities, Weirdness & Mutations

You cannot wear armour.
You are incapable of wielding weapons or throwing items.
Your paws allow you to move quietly. (Stealth)
You have sharp claws.
You have razor-sharp teeth.
You have supernaturally acute eyesight. (SInv)
You are carnivorous and can eat meat at any time.
You cover ground quickly.
You are covered in fur. (AC +1)
You have a slow metabolism.
Your sharp claws are effective at attacking unaware monsters.


Message History

You are too injured to fight recklessly!
You are too injured to fight recklessly!
You are too injured to fight recklessly!
You are too injured to fight recklessly!
It was a potion of might.
You feel very mighty all of a sudden. The orc priest hits you with a trident.
You die...
You are now level 4!
You rejoin the land of the living...
It was a potion of ambrosia.
You are confused.
You feel invigorated.
It was a potion of cancellation.
Your magical effects are unravelling.
You feel magically purged.
You feel less invigorated.
You feel less confused.
It was a potion of resistance.
You feel protected.
Are you sure you want to abandon this character and quit the game? (Confirm with "yes".)

###### #.# #...##.###.##........#
.....# #.###...##.....##.#.######
.....###.......#####............#
.....#.).######.....<......####.#
.....#..)######............#
.....'..o...............#..#
....o#...######.....##..#..#
....#......# #.....###.#..#
##..#......# #.@...###.#..#
#..#... ##.#######.# ####


There were no monsters in sight!

Vanquished Creatures
  A hound (D:2)
  An orc priest (D:3)
  5 adders (D:2)
  An ooze (D:3)
  4 worms
  4 dart slugs
  A leopard gecko (D:2)
  5 orcs
  3 giant cockroaches
  6 goblins
  5 hobgoblins
  4 jackals (D:1)
  10 kobolds
  A ball python (D:1)
  10 bats
  3 frilled lizards
  2 rats (D:1)
66 creatures vanquished.

Notes
Turn   | Place    | Note
-------+----------+-------------------------------------------
     0 | D:1      | inc the Felid Transmuter began the quest for the Orb.
     0 | D:1      | Reached XP level 1. HP: 9/9 MP: 4/4
    14 | D:1      | Reached skill level 3 in Dodging
    53 | D:1      | Reached XP level 2. HP: 12/12 MP: 4/6
    58 | D:1      | Learned a level 2 spell: Sticks to Snakes
   122 | D:1      | Reached skill level 4 in Dodging
   818 | D:2      | Reached skill level 5 in Dodging
   818 | D:2      | Reached XP level 3. HP: 14/15 MP: 5/7
   828 | D:2      | Found a basalt altar of Yredelemnul.
   954 | D:2      | Found a burning altar of Makhleb.
   966 | D:2      | Reached XP level 4. HP: 11/19 MP: 8/8
   972 | D:2      | Learned a level 3 spell: Spider Form
  2378 | D:3      | Reached XP level 5. HP: 22/22 MP: 9/9
  2706 | D:3      | Found a hide-covered altar of Uskayaw.
  3342 | D:3      | Slain by an orc priest
  3343 | D:3      | Reached XP level 4. HP: 0/19 MP: 8/8
  3346 | D:3      | Quit the game

Skill      XL: |  1  2  3  4  5 |
---------------+----------------+-----
Dodging        | 3 5 |  5.9
Transmutations | 3 4 |  4.3
Fighting       | |  1.4
Unarmed Combat | |  3.0
Spellcasting   | |  2.0

Action                   |  1- 3 |  4- 6 || total
-------------------------+-------+-------++-------
Melee: Unarmed           |    92 |   166 ||   258
       Bite              |     8 |    15 ||    23
       Headbutt          |     4 |     4 ||     8
       Punch             |     2 |     1 ||     3
 Cast: Beastly Appendage |     6 |     2 ||     8
       Spider Form       |       |     7 ||     7
  Use: Potion            |       |     5 ||     5
       Scroll            |       |     2 ||     2
 Stab: Sleeping          |     1 |     3 ||     4
  Eat: Chunk             |       |     7 ||     7
Armor: Skin              |     3 |     6 ||     9
Dodge: Dodged            |    89 |   122 ||   211
Block: Other             |       |    39 ||    39
       Reflection        |       |     1 ||     1
